 Dungeon Crawl Stone Soup version 0.19-a0-1720-gc855d72 (webtiles) character file.

5553 JeffiDaFish the Covert (level 10, 0/50 HPs)
             Began as a Spriggan Enchanter on Sept 30, 2016.
             Was a Believer of Dithmenos.
             Slain by a wolf (10 damage)
             ... on level 1 of the Lair of Beasts.
             The game lasted 01:04:59 (11335 turns).

JeffiDaFish the Covert (Spriggan Enchanter)        Turns: 11335, Time: 01:05:00

Health: 0/50       AC:  5    Str:  5    XL:     10   Next: 44%
Magic:  6/22       EV: 25    Int: 23    God:    Dithmenos [**....]
Gold:   403        SH:  0    Dex: 18    Spells: 6 memorised, 8 levels left

rFire  . . .     SeeInvis +     d - +2 dagger (vamp)
rCold  . . .     Gourm    .     b - +2 robe
rNeg   . . .     Faith    .     (shield restricted)
rPois  .         Spirit   .     (helmet restricted)
rElec  .         Dismiss  .     (no cloak)
rCorr  .         Reflect  .     (gloves unavailable)
MR     +....     Harm     .     (boots unavailable)
Stlth  +++++++...               (no amulet)
                                p - +5 ring of intelligence
                                f - ring of wizardry

@: wreathed by umbra, very quick
A: unfitting armour, see invisible, herbivore 3, speed 3, slow metabolism 2
a: Shadow Step, Renounce Religion


You were on level 1 of the Lair of Beasts.
You worshipped Dithmenos.
Dithmenos was pleased with you.
You were not hungry.

You visited 2 branches of the dungeon, and saw 9 of its levels.
You also visited: Ossuary.

You collected 403 gold pieces.

Inventory:

Hand Weapons
 d - a +2 vampiric dagger (weapon)
 y - a +1 dagger of speed
Armour
 b - a +2 robe (worn)
Jewellery
 f - a ring of wizardry (left hand)
 i - an uncursed ring of magical power
 k - an uncursed ring of protection from cold
 p - a +5 ring of intelligence (right hand)
 q - an uncursed ring of positive energy
 r - a cursed -3 ring of intelligence
 C - an uncursed ring of protection from fire
Wands
 D - a wand of acid (5/15)
 E - a wand of slowing (30/48)
Scrolls
 g - 3 scrolls of teleportation
 j - a scroll of remove curse
 m - 2 scrolls of identify
 s - 2 scrolls of magic mapping
 u - 2 scrolls of enchant armour
Potions
 e - 3 potions of agility
 h - 3 potions of flight
 n - 5 potions of heal wounds
 o - 6 potions of curing
 t - a potion of haste
 z - a potion of cancellation {unknown}
 A - 3 potions of ambrosia
 B - a potion of cure mutation
Books
 a - a book of Party Tricks

   Spells                             Type                      Level
   a - Summon Butterflies             Summoning                    1
   b - Apportation                    Translocation                1
   c - Tukima's Dance                 Hexes                        3
   d - Alistair's Intoxication        Transmutation/Poison         5
   e - Invisibility                   Hexes                        6
 c - a book of Maledictions

   Spells                             Type                      Level
   a - Corona                         Hexes                        1
   b - Ensorcelled Hibernation        Hexes/Ice                    2
   c - Confuse                        Hexes                        3
   d - Tukima's Dance                 Hexes                        3
   e - Dazzling Spray                 Conjuration/Hexes            3
 w - Sif Muna's Tome of Changing
   (You found it on level 6 of the Dungeon)

   Spells                             Type                      Level
   a - Beastly Appendage              Transmutation                1
Comestibles
 l - 3 bread rations
 v - a slice of pizza
 x - 3 fruits


   Skills:
 + Level 4.3 Fighting
 + Level 6.8 Short Blades
 + Level 9.3 Dodging
 + Level 9.8 Stealth
 + Level 7.8 Spellcasting
 + Level 8.2 Hexes
 + Level 4.5 Ice Magic


You had 8 spell levels left.
You knew the following spells:

 Your Spells              Type           Power        Failure   Level  Hunger
a - Corona                Hex            #####..      1%          1    None
b - Ensorcelled Hibernat  Hex/Ice        #####.       1%          2    None
c - Confuse               Hex            #####...     1%          3    None
d - Dazzling Spray        Conj/Hex       ####..       1%          3    None
e - Beastly Appendage     Tmut           #.....       4%          1    None
f - Invisibility          Hex            #####...     16%         6    ######.


Dungeon Overview and Level Annotations

Branches:
Dungeon (8/15)             Temple (0/1) D:7            Lair (1/6) D:8

Altars:
Dithmenos
Hepliaklqana
Makhleb
Nemelex Xobeh
Ru
Sif Muna
The Shining One
Beogh


Innate Abilities, Weirdness & Mutations

You are very small and have problems with some larger weapons.
You are too small for most types of armour.
You have supernaturally acute eyesight. (SInv)
You are a herbivore.
You cover ground extremely quickly.
You need consume almost no food.


Message History

You kill the wolf!
Dithmenos accepts your kill. The wolf completely misses you.
The wolf bites you.
* * * LOW HITPOINT WARNING * * *
The wolf misses you.
You see here a wolf corpse.
Casting: Dazzling Spray
Confirm with . or Enter, or press ? or * to list all spells.
Aiming: Dazzling Spray
Press: ? - help, Shift-Dir - straight line, f/p - wolf
Aim: a wolf (lightly wounded, umbra)
The spray of energy misses the wolf.
The spray of energy hits the fungus.
The fungus is lightly damaged.
The spray of energy hits the wolf.
The wolf is moderately wounded.
The wolf completely misses you. x2
You hit the wolf but do no damage.
The wolf is moderately wounded.
The wolf completely misses you. The wolf bites you!
You die...

##.#.....##...##..
######...........
#...####.##. #...#
##### #..## #.
##..# ##
######..##
##.#.#...#
##.@h....##
#..hh....#
##........#
#........##
#P......P#
#........#
#......P##
#......## ##....##


You could see 3 wolves.

Vanquished Creatures
  The ghost of Grivan the Basher, a novice DgIE (D:8)
  A spiny frog (Lair:1)
  A hippogriff (D:7)
  5 yaks (D:6)
  2 hell hounds (D:8)
  The ghost of EatSomeMorePills the Skirmisher, an amateur MiBe of Trog (D:4)
  3 ice beasts
  3 orc warriors
  A necrophage (D:6)
  2 ogres (D:7)
  A wolf (Lair:1)
  An elf zombie (D:5)
  5 bullfrogs
  An elf skeleton (D:5)
  3 water moccasin zombies (Ossuary)
  A gnoll sergeant (D:7)
  A scorpion (D:7)
  3 howler monkeys
  4 crimson imps
  A bullfrog zombie (D:8)
  8 hounds
  2 orc priests
  A human zombie (D:5)
  An iron imp (D:8)
  14 orc wizards
  2 human skeletons (D:5)
  Terence (D:2)
  4 iguanas
  3 worker ants
  4 big kobold zombies (Ossuary)
  2 mummies (Ossuary)
  2 worker ant zombies
  Robin (D:2)
  8 gnolls
  8 adders
  A shadow imp (D:8)
  4 oozes
  3 adder zombies
  An adder skeleton (D:7)
  2 worms
  A dart slug (D:2)
  A leopard gecko (D:1)
  57 orcs
  5 giant cockroaches
  4 gnoll zombies (Ossuary)
  5 hobgoblins
  3 jackals (D:8)
  3 quokkas (D:7)
  4 bats
  2 frilled lizards
  20 goblins
  A goblin skeleton (D:8)
  4 hobgoblin zombies (Ossuary)
  A jackal skeleton (D:7)
  6 kobolds
  2 kobold skeletons (D:8)
  5 kobold zombies
  2 orc skeletons
  6 orc zombies
  4 rats
249 creatures vanquished.

Notes
Turn   | Place    | Note
-------+----------+-------------------------------------------
     0 | D:1      | JeffiDaFish the Spriggan Enchanter began the quest for the Orb.
     0 | D:1      | Reached XP level 1. HP: 9/9 MP: 5/5
   173 | D:1      | Reached XP level 2. HP: 13/13 MP: 6/6
   177 | D:1      | Learned a level 2 spell: Ensorcelled Hibernation
   519 | D:2      | Noticed Robin
   672 | D:2      | Reached XP level 3. HP: 10/16 MP: 5/8
  1064 | D:1      | Learned a level 3 spell: Confuse
  1170 | D:2      | Reached skill level 5 in Stealth
  1515 | D:2      | Reached XP level 4. HP: 21/21 MP: 10/10
  1600 | D:2      | Noticed Terence
  1607 | D:2      | Killed Terence
  2110 | D:2      | Killed Robin
  2423 | D:2      | Found a sparkling altar of Nemelex Xobeh.
  2596 | D:3      | Found a faded altar of an unknown god.
  2783 | D:3      | Reached XP level 5. HP: 25/25 MP: 11/11
  2940 | D:3      | Learned a level 3 spell: Dazzling Spray
  3712 | D:4      | Reached skill level 1 in Ice Magic
  3717 | D:4      | Noticed EatSomeMorePills's ghost (amateur MiBe)
  3747 | D:4      | Killed EatSomeMorePills's ghost
  3747 | D:4      | Reached skill level 1 in Fighting
  3747 | D:4      | Reached XP level 6. HP: 30/30 MP: 13/13
  4480 | D:5      | Entered Level 5 of the Dungeon
  4506 | D:5      | Reached skill level 5 in Dodging
  4738 | D:5      | Found a runed door.
  5180 | D:5      | Reached skill level 5 in Hexes
  5180 | D:5      | Reached XP level 7. HP: 30/33 MP: 14/14
  5220 | D:5      | Found a sand-covered staircase.
  5283 | Ossuary  | Entered an ossuary
  6400 | D:5      | Reached XP level 8. HP: 39/39 MP: 11/16
  6522 | D:5      | Reached skill level 5 in Spellcasting
  6946 | D:5      | Found a roughly hewn altar of Beogh.
  7468 | D:6      | Reached skill level 5 in Short Blades
  7862 | D:6      | Reached XP level 9. HP: 44/44 MP: 17/19
  7940 | D:6      | Found a hazy altar of Hepliaklqana.
  7943 | D:6      | Found a burning altar of Makhleb.
  7944 | D:6      | Found a shadowy altar of Dithmenos.
  7966 | D:6      | Became a worshipper of Dithmenos the Shadowed
  8289 | D:6      | Found a sacrificial altar of Ru.
  8338 | D:6      | Found a deep blue altar of Sif Muna.
  8380 | D:6      | Identified Sif Muna's Tome of Changing
  9073 | D:7      | Reached * piety under Dithmenos
  9087 | D:7      | Learned a level 1 spell: Beastly Appendage
  9097 | D:7      | Learned a level 6 spell: Invisibility
  9713 | D:7      | Found a staircase to the Ecumenical Temple.
  9958 | D:8      | Noticed Grivan's ghost (novice DgIE)
 10355 | D:8      | Killed Grivan's ghost
 10355 | D:8      | Reached XP level 10. HP: 36/49 MP: 13/22
 10601 | D:8      | Reached ** piety under Dithmenos
 10608 | D:8      | Found a staircase to the Lair.
 10815 | D:8      | Found a glowing golden altar of the Shining One.
 11202 | Lair:1   | Entered Level 1 of the Lair of Beasts
 11204 | Lair:1   | Noticed a spiny frog
 11211 | Lair:1   | Killed a spiny frog
 11335 | Lair:1   | Slain by a wolf

Vault maps used:
D:1:      dpeg_arrival_pond
D:2:      nemelex_lonely_heart_becter, uniq_robin, uniq_terence
D:3:      first_bread, ecumenical_altar_1, minmay_liquid_box
D:5:      nicolae_ossuary_entry_catacombs, lightli_church_of_beogh
D:6:      gammafunk_temple_overflow_forgotten, led_sif_book,
          nicolae_ru_path_of_blood
D:8:      nicolae_tso_besieged_by_evil, minmay_lair_entry_lava
Ossuary:  ossuary_tomb_2

Skill      XL: |  1  2  3  4  5  6  7  8  9 10 |
---------------+-------------------------------+-----
Spellcasting   | 3 4 6 7 |  7.8
Hexes          | 4 5 6 7 8 |  8.2
Short Blades   | 2 3 4 5 6 |  6.8
Stealth        | 5 6 7 9 |  9.8
Dodging        | 4 5 6 7 9 |  9.3
Ice Magic      | 1 2 3 4 |  4.5
Fighting       | 1 2 3 4 |  4.3

Action                   |  1- 3 |  4- 6 |  7- 9 | 10-12 || total
-------------------------+-------+-------+-------+-------++-------
Melee: Dagger            |   163 |   228 |   865 |   119 ||  1375
 Cast: Ensorcelled Hiber |     9 |    13 |    46 |     8 ||    76
       Confuse           |       |    12 |    30 |     7 ||    49
       Dazzling Spray    |       |     5 |    12 |     9 ||    26
  Use: Potion            |     3 |     4 |     4 |       ||    11
       Scroll            |     4 |     8 |    12 |     2 ||    26
 Stab: Sleeping          |     9 |    19 |    54 |    10 ||    92
       Confused          |       |     7 |    17 |     5 ||    29
       Distracted        |       |     2 |       |       ||     2
       Invisible         |       |     2 |       |       ||     2
  Eat: Bread ration      |       |     2 |     2 |       ||     4
Armor: Robe              |    45 |    19 |    51 |     8 ||   123
Dodge: Dodged            |   173 |   149 |   604 |   124 ||  1050
